 Dungeon Crawl Stone Soup version 0.19.5 (webtiles) character file.

51 straycat the Vexing (level 3, -1/27 HPs)
             Began as a Vampire Wanderer on May 13, 2017.
             Slain by a gnoll
             ... wielding a +0 spear
              (7 damage)
             ... on level 1 of the Dungeon.
             The game lasted 00:23:54 (2738 turns).

straycat the Vexing (Vampire Wanderer)              Turns: 2738, Time: 00:23:54

Health: -1/27      AC:  2    Str: 15    XL:     3   Next: 57%
Magic:  1/6        EV: 11    Int: 11    God:
Gold:   31         SH:  0    Dex: 13    Spells: 1 memorised, 3 levels left

rFire  . . .     SeeInvis +       - Unarmed
rCold  . . .     Gourm    .     d - +0 robe
rNeg   + . .     Faith    .     (no shield)
rPois  .         Spirit   .     (no helmet)
rElec  .         Reflect  .     (no cloak)
rCorr  .         Harm     .     (no gloves)
MR     .....                    (no boots)
Stlth  ++........               (no amulet)
                                (no ring)
                                (no ring)

@: no status effects
A: fangs 3, see invisible, unbreathing
a: Bat Form


You were on level 1 of the Dungeon.
You were not thirsty.

You visited 1 branch of the dungeon, and saw 1 of its levels.

You collected 31 gold pieces.

Inventory:

Hand Weapons
 a - a +2 dagger
 f - a +0 hand axe
 h - a +0 dagger
 i - a +2 dagger of draining
 j - a +0 short sword
 l - a +0 dagger
 n - a +0 dagger
 o - a +0 whip
 q - a +0 club
Missiles
 k - a stone (quivered)
Armour
 d - a +0 robe (worn)
 g - a +0 leather armour
Potions
 b - a potion of haste
 e - 9 potions of blood
 m - a potion of experience {unknown}
 p - a potion of curing {unknown}
Books
 c - Usmizibbe's Tome of Calling

   Spells                             Type                      Level
   a - Summon Small Mammal            Summoning                    1
   b - Summon Guardian Golem          Hexes/Summoning              3


   Skills:
 * Level 1.6 Fighting
 + Level 1.1 Throwing
 + Level 0.5 Armour
 * Level 0.7 Dodging
 - Level 2.0 Stealth
 * Level 1.8 Unarmed Combat
 + Level 2.0 Spellcasting
 - Level 5.8 Hexes
   Level 1.1 Charms
   Level 1.0 Translocations


You had 3 spell levels left.
You knew the following spells:

 Your Spells              Type           Power        Failure   Level  Hunger
a - Summon Guardian Gole  Hex/Summ       #.......     30%         3    ####...


Dungeon Overview and Level Annotations

Branches:
Dungeon (1/15)

Altars:


Innate Abilities, Weirdness & Mutations

You have razor-sharp teeth.
You have supernaturally acute eyesight. (SInv)
You can survive without breathing.


Message History

The gnoll hits you but does no damage.
You swap places.
The gnoll hits your guardian golem but does no damage.
The gnoll hits you but does no damage.
You swap places.
The gnoll misses you.
You hit the gnoll.
The gnoll is lightly wounded.
The gnoll hits you with a spear.
You hit the gnoll.
The gnoll is moderately wounded.
The gnoll barely misses you.
You hit the gnoll but do no damage.
The gnoll is moderately wounded.
You barely miss the gnoll.
The gnoll is moderately wounded.
The gnoll hits you with a spear!
* * * LOW HITPOINT WARNING * * *
You swap places.
The gnoll hits you from afar with a spear!
You die...

...# .. #.# ...# . #.#
...# #.# ..# #.## .#
#..## ####### ##..#
......######## ##.##
#####........######
#...#
########..g8@.####...#
######......>.#
######...# #...# #...#
#...# #...# #####


You could see a gnoll and a friendly guardian golem.

Vanquished Creatures
  An adder (D:1)
  2 oozes (D:1)
  2 dart slugs (D:1)
  5 bats (D:1)
  3 hobgoblins (D:1)
  4 goblins (D:1)
  2 kobolds (D:1)
  16 rats (D:1)
35 creatures vanquished.

Notes
Turn   | Place    | Note
-------+----------+-------------------------------------------
     0 | D:1      | straycat the Vampire Wanderer began the quest for the Orb.
     0 | D:1      | straycat set off with: a +2 dagger, a potion of haste, Usmizibbe's Tome of Calling, a +0 robe, a potion of blood
     0 | D:1      | Reached XP level 1. HP: 13/13 MP: 3/3
     1 | D:1      | Identified Usmizibbe's Tome of Calling
   201 | D:1      | Reached skill level 1 in Fighting
   218 | D:1      | Reached XP level 2. HP: 15/21 MP: 5/5
   711 | D:1      | Reached skill level 1 in Unarmed Combat
  1756 | D:1      | Reached XP level 3. HP: 24/26 MP: 6/6
  2488 | D:1      | Learned a level 3 spell: Summon Guardian Golem
  2738 | D:1      | Slain by a gnoll

Skill      XL: |  1  2 |
---------------+-------+-----
Fighting       | 1 |  1.6
Stealth        | 2 |  2.0
Unarmed Combat | 1 |  1.8
Throwing       | |  1.1
Armour         | |  0.5
Dodging        | |  0.7
Spellcasting   | |  2.0
Hexes          | |  5.8
Charms         | |  1.1
Translocations | |  1.0

Action                   || total
-------------------------++-------
Melee: Unarmed           ||   228
       Bite              ||    41
       Dagger            ||     2
       Punch             ||     3
Throw: Stone             ||     6
 Cast: Summon Guardian G ||     5
 Abil: End Transformatio ||     1
       Bat Form          ||     1
  Use: Potion            ||     4
Armor: Robe              ||    34
Dodge: Dodged            ||    94
